 Dungeon Crawl Stone Soup version 0.16-a0-3420-gb95a3aa (webtiles) character file.

543 HollowCharge the Cutter (level 7, 47/47 HPs)
             Began as a High Elf Gladiator on Dec 30, 2014.
             Was an Initiate of the Shining One.
             Quit the game on level 4 of the Dungeon on Dec 31, 2014.
             The game lasted 00:24:34 (5017 turns).

HollowCharge the Cutter (High Elf Gladiator)        Turns: 5017, Time: 00:24:34

Health: 47/47      AC:  7    Str: 14    XL:     7   Next: 6%
Magic:  12/12      EV: 15    Int: 11    God:    the Shining One [......]
Gold:   189        SH:  0    Dex: 19    Spells: 0 memorised, 6 levels left

rFire  . . .     SeeInvis .     e - +3 long sword of the Nexus {drain, rPois} (curse)
rCold  . . .     Clarity  .     z - +0 leather armour
rNeg   . . .     SustAb   .     (no shield)
rPois  +         Gourm    .     c - +0 helmet
rElec  .         Spirit   .     o - +0 cloak
rCorr  .         Warding  .     (no gloves)
rMut   .         Stasis   .     v - +0 pair of boots
MR     .....                    (no amulet)
Stlth  ++........               (no ring)
                                b - +1 ring of protection

@: not resistant to hostile enchantments, unstealthy
A: no striking features
a: Renounce Religion


You were on level 4 of the Dungeon.
You worshipped the Shining One.
The Shining One was noncommittal.
You were not hungry.

You visited 2 branches of the dungeon, and saw 5 of its levels.

You collected 189 gold pieces.

Inventory:

Hand weapons
 a - a +0 rapier
 e - the cursed +3 long sword of the Nexus (weapon) {drain, rPois}
   (You found it on level 4 of the Dungeon)

   A truly terrible weapon, it drains the life of those it strikes.
   It protects you from poison.
   It has a curse placed upon it.
   The Shining One opposes the use of such an evil item.
Missiles
 y - a throwing net (quivered)
Armour
 c - a +0 helmet (worn)
 i - a +0 robe
 m - a +0 ring mail
 o - a +0 cloak (worn)
 s - a +0 shield
 v - a +0 pair of boots (worn)
 w - a +0 ring mail
 x - a +0 robe
 z - a +0 leather armour (worn)
Jewellery
 b - a +1 ring of protection (left hand)
 u - an uncursed amulet of warding
Scrolls
 j - a scroll of recharging
 q - 4 scrolls of remove curse
 t - 2 scrolls of magic mapping
Potions
 g - 3 potions of curing
 h - a potion of ambrosia {unknown}
 l - a potion of cure mutation {unknown}
 n - a potion of poison {unknown}
 p - 2 potions of haste
Comestibles
 f - 4 bread rations
 k - a meat ration
 r - 2 fruits


   Skills:
 + Level 3.8 Fighting
 * Level 6.6 Short Blades
 - Level 2.1 Throwing
 + Level 5.2 Dodging
 + Level 3.3 Stealth


You had 6 spell levels left.
You didn't know any spells.

Dungeon Overview and Level Annotations

Branches:
Dungeon (4/15)             Temple (1/1) D:4

Altars:
Cheibriados
Elyvilon
Fedhas
Gozag
Kikubaaqudgha
Makhleb
Nemelex Xobeh
Okawaru
Ru
Sif Muna
Trog
Xom
Zin
The Shining One


Message History

The quokka moves out of view.
All of the chunks of flesh in your inventory have rotted away.
Really attack while wielding the cursed +3 long sword of the Nexus {drain, rPois}?
This could place you under penance! [Y]es or [N]o only, please.
Really attack while wielding the cursed +3 long sword of the Nexus {drain, rPois}?
This could place you under penance!
Unknown command.
Unknown command.
Unknown command.
Unknown command.
Welcome back, HollowCharge the High Elf Gladiator.
The Shining One says: Lead the forces of light to victory!
Press ? for a list of commands and other information.
Really attack while wielding the cursed +3 long sword of the Nexus {drain, rPois}?
This could place you under penance!
Unknown command.
Unknown command.
Unknown command.
No item to drop. (m)acro, (M)acro raw, keymap [(k) default, (x) level-map, (t)argeting, (c)onfirm, m(e)nu], (s)ave?
Aborting.
Are you sure you want to abandon this character and quit the game? (Confirm with "yes".)

### # ..# .# #.#
#.###
####.##......
#..r@......##
#.##........#
#.##.##.........
#..............#
#.##.#........##
#.#.##....##
#.#.##.#.##
#.#.# #.#.##.###
#.#.# #....#.#
## #.#.#


You could see a quokka (wandering).

Vanquished Creatures
  2 phantoms
  An orc priest (D:3)
  An orc wizard (D:3)
  2 worker ants (D:4)
  An iguana (D:4)
  Ijyb (D:3)
  A hound skeleton (D:4)
  5 adders
  7 gnolls (D:4)
  A giant mite (D:3)
  2 worms (D:2)
  A giant gecko (D:1)
  2 oozes
  7 orcs
  2 giant cockroaches
  10 goblins
  12 hobgoblins
  8 bats
  6 giant newts
  4 jackals (D:4)
  5 kobolds
  8 rats
89 creatures vanquished.

Notes
Turn   | Place    | Note
--------------------------------------------------------------
     0 | D:1      | HollowCharge, the High Elf Gladiator, began the quest for the Orb.
     0 | D:1      | Reached XP level 1. HP: 14/14 MP: 2/2
     2 | D:1      | Noticed a ghoul
     2 | D:1      | Noticed an ogre
     4 | D:1      | Noticed a felid
     4 | D:1      | Noticed a demigod
     6 | D:1      | Noticed a troll
     8 | D:1      | Noticed a gargoyle
    12 | D:1      | Noticed a tengu
    12 | D:1      | Noticed a centaur
    14 | D:1      | Noticed a human
    14 | D:1      | Noticed a vampire
    16 | D:1      | Noticed a draconian
    16 | D:1      | Noticed a spriggan
    18 | D:1      | Noticed a naga
    18 | D:1      | Noticed a demonspawn
    20 | D:1      | Noticed an elf
    22 | D:1      | Noticed a merfolk
    22 | D:1      | Noticed a minotaur
    24 | D:1      | Noticed an octopode
    24 | D:1      | Noticed a dwarf
    26 | D:1      | Noticed a formicid
    26 | D:1      | Noticed a vine stalker
   411 | D:1      | Reached XP level 2. HP: 17/19 MP: 3/3
   423 | D:1      | Reached skill level 4 in Short Blades
  1102 | D:2      | Reached XP level 3. HP: 24/24 MP: 5/5
  1424 | D:2      | Reached skill level 1 in Stealth
  2145 | D:3      | Reached XP level 4. HP: 30/30 MP: 7/7
  2475 | D:3      | Noticed Ijyb
  2526 | D:3      | Killed Ijyb
  2526 | D:3      | Reached skill level 5 in Short Blades
  3344 | D:4      | Reached XP level 5. HP: 32/35 MP: 8/8
  3426 | D:4      | Noticed a phantom
  3473 | D:4      | Killed a phantom
  3616 | D:4      | Reached XP level 6. HP: 32/42 MP: 10/10
  3801 | D:4      | Reached skill level 6 in Short Blades
  3983 | D:4      | Noticed an ogre
  4160 | D:3      | Reached skill level 5 in Dodging
  4257 | D:3      | Noticed a phantom
  4310 | D:3      | Killed a phantom
  4665 | D:4      | Found a bloodstained altar of Trog.
  4748 | D:4      | Got a polished long sword
  4761 | D:4      | Identified the cursed +3 long sword of the Nexus {drain, rPois} (You found it on level 4 of the Dungeon)
  4777 | D:4      | Reached XP level 7. HP: 33/47 MP: 12/12
  4898 | D:4      | Found a staircase to the Ecumenical Temple.
  4908 | Temple   | Entered the Ecumenical Temple
  4963 | Temple   | Became a worshipper of the Shining One
  5017 | D:4      | Upgraded the game from 0.16-a0-3389-g45633df to 0.16-a0-3420-gb95a3aa
  5017 | D:4      | Quit the game

Action                   |  1- 3 |  4- 6 |  7- 9 || total
-------------------------+-------+-------+-------++-------
Melee: Rapier            |   134 |   295 |       ||   429
       Long sword        |       |     8 |     5 ||    13
Throw: Throwing net      |     5 |     9 |       ||    14
  Use: Scroll            |       |     9 |       ||     9
       Potion            |       |     3 |       ||     3
 Stab: Held in net/web   |     2 |     3 |       ||     5
       Sleeping          |     2 |     2 |       ||     4
  Eat: Chunk             |     4 |     7 |     1 ||    12
       Fruit             |       |     2 |       ||     2
